 Seeded DCSS version 0.29-a0-1023-g6ae1a4a2c7 (webtiles) character file.

Game seed: 6155037152212704371 (custom seed)

1767 mathmaestro the Purveyor of Pain (level 8, -2/50 (61) HPs)
             Began as a Demonspawn Necromancer on Aug 11, 2022.
             Was an Initiate of Kikubaaqudgha.
             Slain by a wight
             ... wielding a +5 trident
              (8 damage)
             ... on level 6 of the Dungeon.
             The game lasted 00:12:51 (6913 turns).

mathmaestro the Purveyor of Pain (DsNe)             Turns: 6913, Time: 00:12:52

HP:   -2/50 (61)    AC:  7    Str:  8    XL:     8   Next: 80%
MP:   0/15          EV: 12    Int: 18    God:    Kikubaaqudgha [......]
Gold: 227           SH:  0    Dex: 13    Spells: 8/16 levels left

rFire   + . .      SeeInvis .   B - +12 quarterstaff of Askesosit {venom, rPois rF+ Dex-2}
rCold   . . .      Faith    .   (shield currently unavailable)
rNeg    . . .      Spirit   +   u - +0 leather armour
rPois   +          Reflect  .   (no helmet)
rElec   .          Harm     .   i - +0 cloak
rCorr   .          Rampage  .   A - +0 pair of gloves
Will    .....                   w - +0 pair of boots
Stlth   ++........              (no amulet)
HPRegen 0.16/turn               (no ring)
MPRegen 0.28/turn               (no ring)

@: heavily drained
A: magic shield, magic regeneration, sturdy frame 1, weakness stinger 1
a: Renounce Religion


You were on level 6 of the Dungeon.
You worshipped Kikubaaqudgha.
Kikubaaqudgha was noncommittal.
You visited 2 branches of the dungeon, and saw 7 of its levels.

You collected 263 gold pieces.
You spent 36 gold pieces at shops.

Inventory:

Hand Weapons
 f - a +0 hand axe
 s - a +0 dagger of distortion
 B - the +12 quarterstaff of Askesosit (weapon) {venom, rPois rF+ Dex-2}
   (You found it on level 5 of the Dungeon)

   It poisons the flesh of those it strikes.
   Dex:       It affects your dexterity (-2).
   rF:        It protects you from fire.
   rPois:     It protects you from poison.
 D - the +8 dagger of Yqimeser {freeze, Stlth+}
   (You took it off a kobold on level 6 of the Dungeon)

   It freezes those it strikes, dealing additional cold damage.
   It can also slow down cold-blooded creatures.
   Stlth:     It makes you more stealthy.
Armour
 c - a +0 buckler
 i - a +0 cloak (worn)
 u - a +0 leather armour (worn)
 w - a +0 pair of boots (worn)
 A - a +0 pair of gloves (worn)
Wands
 y - a wand of mindburst (13)
Scrolls
 a - a scroll of enchant weapon {unknown}
 d - a scroll of teleportation {unknown}
 e - a scroll of vulnerability {unknown}
 k - 2 scrolls of silence {unknown}
 l - a scroll of poison {unknown}
 m - 2 scrolls of magic mapping {unknown}
 n - a scroll of fear {unknown}
 o - a scroll of identify {unknown}
 q - a scroll of amnesia {unknown}
 x - a scroll of butterflies {unknown}
Potions
 b - 2 potions of magic
 g - a potion of degeneration {unknown}
 h - a potion of attraction {unknown}
 j - a potion of resistance {unknown}
 p - 3 potions of haste {unknown}
 r - a potion of brilliance {unknown}
 v - a potion of berserk rage {unknown}
 z - a potion of mutation {unknown}


   Skills:
 + Level 4.7 Fighting
 + Level 4.0 Armour
 - Level 2.0 Dodging
 - Level 2.0 Stealth
 + Level 4.1 Shields
 + Level 4.7 Spellcasting
 + Level 6.9 Necromancy
 + Level 3.1 Evocations


You had 8 spell levels left.
You knew the following spells:

 Your Spells              Type           Power      Damage    Failure   Level
a - Necrotise             Necr           100%       1d9       1%          1
b - Vampiric Draining     Necr           29%        2d8       2%          3
c - Animate Dead          Necr           29%        N/A       9%          4

Your spell library contained the following spells:

 Spells                   Type           Power      Damage    Failure   Level
 Magic Dart               Conj           16%        1d3       14%         1
 Summon Small Mammal      Summ           16%        N/A       14%         1
 Call Imp                 Summ           4%         N/A       22%         2
 Agony                    Necr           29%        N/A       24%         5
 Call Canine Familiar     Summ           4%         N/A       41%         3
 Ignite Poison            Fire/Tmut/Pois 4%         N/A       41%         3
 Mephitic Cloud           Conj/Pois/Air  4%         N/A       41%         3
 Summon Guardian Golem    Hex/Summ       4%         N/A       41%         3
 Freezing Cloud           Conj/Ice/Air   2%         6-21      99%         5


Dungeon Overview and Level Annotations

Branches:
Dungeon (6/15)             Temple (1/1) D:5

Altars:
Ashenzari
Dithmenos
Fedhas
Gozag
Hepliaklqana
Kikubaaqudgha
Makhleb
Nemelex Xobeh
Okawaru
Qazlal
Sif Muna
Trog
Uskayaw
Wu Jian
Xom
Yredelemnul

Shops:
D:3 !   D:4 :


Innate Abilities, Weirdness & Mutations

When hurt, damage is shared between your health and your magic reserves.
You regenerate magic rapidly.
Your movements are slightly less encumbered by armour. (ER -2)
You have a small tail.


Message History

You tail-slap the wight, but do no damage.
The wight is moderately damaged.
The wight closely misses you.
The wight hits you from afar with a +5 trident.
You hit the wight.
The wight is heavily damaged.
The wight hits you with a +3 great sword.
The wight closely misses you.
The wight hits you from afar with a +5 trident.
You feel drained. The wight misses you.
You hit the wight. You tail-slap the wight.
The wight is severely damaged.
The wight completely misses you. The wight closely misses you.
You barely miss the wight.
Your tail-slap misses the wight.
The wight is severely damaged.
The wight closely misses you. The wight misses you.
You barely miss the wight.
You tail-slap the wight, but do no damage.
The wight is severely damaged.
The wight hits you with a +3 great sword!
You feel drained.
The wight hits you from afar with a +5 trident.
You feel drained. The wight barely misses you.
The wight hits you from afar with a +5 trident.
* * * LOW HITPOINT WARNING * * *
You feel drained.
* * * LOW HITPOINT WARNING * * *
You closely miss the wight.
The wight is severely damaged.
The wight barely misses you.
The wight hits you from afar with a +5 trident!
* * * LOW HITPOINT WARNING * * *
You feel drained.
* * * LOW HITPOINT WARNING * * *
You feel better.
The wight hits you with a +3 great sword.
* * * LOW HITPOINT WARNING * * *
The wight hits you from afar with a +5 trident!
You die...
Kikubaaqudgha rasps: "You have failed me!
Welcome... death!"

....####).).......... .......
.......)............. ......!
....#.)#.............# ......#
....#..#~.............###....#
#####))#~~.....#####.....z...#
####.)##~~.....## #........#
.#.#..#≈~~~.....# ###.#.....###
...#..#≈≈~~#....######..####...#.
...#..#≈~~~#....@##....## #....
...#.)##~~##.....zz.....# #...
...##..#~~##.....######.## ##.
....#..##~##.....# #..# ##..
....##..#~#......# ##.## ##..#
..#.~#..#........# ##..###).##
..##~#..#.....#..## ###......####
..#~~#..#....##...###..###'###
..~~~#..###...........##≈≈~≈≈# #


You could see 2 wights.

Vanquished Creatures
  Sigmund (D:3)
  Edmund (D:6)
  A water moccasin (D:6)
  An ice beast (D:5)
  An ogre (D:6)
  A black bear (D:5)
  A phantom (D:5)
  A kobold brigand (D:6)
  A bullfrog (D:4)
  A necrophage (D:6)
  4 scorpions
  2 wights (D:6)
  A howler monkey (D:4)
  2 orc priests (D:6)
  A jelly (D:5)
  2 iguanas
  7 orc wizards
  8 adders
  A dart slug (D:4)
  21 orcs
  5 ball pythons
  A bat (D:2)
  3 endoplasms
  A giant cockroach (D:1)
  7 hobgoblins
  5 quokkas
  5 goblins
  12 kobolds
  3 rats
101 creatures vanquished.

Vanquished Creatures (collateral kills)
  An orc (D:4)
1 creature vanquished.

Vanquished Creatures (others)
  An orc zombie (D:6)
  14 plants (D:4)
15 creatures vanquished.

Grand Total: 117 creatures vanquished

Notes
Turn   | Place    | Note
-------+----------+-------------------------------------------
     0 | D:1      | mathmaestro the Demonspawn Necromancer began the quest for
                  | the Orb.
     0 | D:1      | Reached XP level 1. HP: 13/13 MP: 3/3
   543 | D:1      | Gained mutation: You regenerate magic rapidly. [demonic
                  | ancestry]
   543 | D:1      | Reached XP level 2. HP: 20/20 MP: 3/5
  1436 | D:3      | Reached skill level 1 in Fighting
  1498 | D:3      | Found Zojekus's Distillery.
  1507 | D:3      | Bought a potion of curing for 36 gold pieces
  1560 | D:3      | Found a faded altar of an unknown god.
  1594 | D:3      | Identified the +0 pair of boots of the Flute {Harm *Corrode
                  | rElec Regen+}
  1942 | D:3      | Reached XP level 3. HP: 26/26 MP: 4/6
  1946 | D:3      | Learned a level 3 spell: Vampiric Draining
  1955 | D:3      | Noticed Sigmund
  2389 | D:3      | Killed Sigmund
  2390 | D:3      | Reached skill level 1 in Armour
  2390 | D:3      | Reached skill level 1 in Shields
  2390 | D:3      | Reached skill level 5 in Necromancy
  2390 | D:3      | Gained mutation: Your movements are slightly less
                  | encumbered by armour. (ER -2) [demonic ancestry]
  2390 | D:3      | Reached XP level 4. HP: 31/33 MP: 3/8
  2390 | D:3      | Reached XP level 5. HP: 35/38 MP: 3/9
  2421 | D:3      | Learned a level 4 spell: Animate Dead
  2557 | D:4      | Found Ytylop's Book Emporium.
  2700 | D:4      | Gained mutation: When hurt, damage is shared between your
                  | health and your magic reserves. [demonic ancestry]
  2700 | D:4      | Reached XP level 6. HP: 40/45 MP: 6/10
  3533 | D:4      | Reached XP level 7. HP: 48/52 MP: 7/12
  3682 | D:5      | Entered Level 5 of the Dungeon
  4140 | D:5      | Found a staircase to the Ecumenical Temple.
  4331 | D:5      | Reached skill level 6 in Necromancy
  4454 | D:5      | Reached skill level 1 in Evocations
  4880 | D:5      | Identified the +12 quarterstaff of Askesosit {venom, rPois
                  | rF+ Dex-2}
  4977 | Temple   | Entered the Ecumenical Temple
  5142 | Temple   | Became a worshipper of Kikubaaqudgha
  5517 | D:6      | Gained mutation: You have a small tail. [demonic ancestry]
  5517 | D:6      | Reached XP level 8. HP: 37/60 MP: 9/14
  5726 | D:6      | Noticed Edmund
  5735 | D:6      | Killed Edmund
  6145 | D:6      | Identified the +8 dagger of Yqimeser {freeze, Stlth+}
  6913 | D:6      | Slain by a wight

Illustrated notes

Levels and vault maps discovered:
D:1:      amcnicky_arrival_underground_garden, layout_loops_ring
D:2:      layout_loops_cross
D:3:      minmay_spotlight, layout_basic,
          shapermc_ecumenical_altar_starsandcircs, serial_shops, shop,
          uniq_sigmund
D:4:      layout_basic, serial_shops, shop, serial_bayou_lagoon_a,
          grunt_ministairs_1, minmay_misc_feat_tiny
D:5:      layout_loops_ring, temple_pool_b
D:6:      cheibrodos_thug_alley, layout_layer_cave, serial_rivers,
          chequers_serial_rivers_marsh, chequers_serial_rivers_micro_e,
          chequers_serial_rivers_room_b, chequers_serial_rivers_small_b,
          chequers_serial_rivers_micro_a, amcnicky_mini_rare_corridor_liquid,
          minmay_misc_feat_diagonals, st_stairs_4, uniq_edmund
Temple:   minmay_crystal_spiral_temple

Skill      XL: |  1  2  3  4  5  6  7  8 |
---------------+-------------------------+-----
Stealth        | 2 |  2.0
Dodging        | 2 |  2.0
Fighting       | 1 2 3 4 |  4.7
Armour         | 1 2 3 4 |  4.0
Shields        | 1 2 3 4 |  4.1
Spellcasting   | 3 4 |  4.7
Necromancy     | 5 6 |  6.9
Evocations     | 1 3 |  3.1

Action                   |  1- 3 |  4- 6 |  7- 9 || total
-------------------------+-------+-------+-------++-------
Melee: Dagger            |    25 |    39 |    83 ||   147
       Quarterstaff      |       |       |    86 ||    86
       Tailslap          |       |       |    11 ||    11
 Cast: Necrotise         |    38 |    50 |    20 ||   108
       Vampiric Draining |     1 |     1 |     6 ||     8
       Animate Dead      |       |       |     1 ||     1
Evoke: Wand              |       |       |     2 ||     2
  Use: Potion            |       |     1 |     1 ||     2
 Stab: Sleeping          |       |       |     2 ||     2
Armor: Leather armour    |     6 |    24 |    53 ||    83
       Robe              |     2 |       |       ||     2
Dodge: Dodged            |    11 |    35 |   104 ||   150
Block: Buckler           |     4 |    11 |    17 ||    32

Table legend: (Time is in decaauts)
 A = Elapsed time spent in this place.
 B = Non-inter-level travel time spent in this place.
 C = Inter-level travel time spent in this place.
 D = Time resting spent in this place.
 E = Time spent auto-exploring this place.
 F = Levels seen in this place.
 G = Mean time per level.
                   A        B        C        D        E       F      G
               +--------+--------+--------+--------+--------+-----+--------+
         Total |   6965 |   6597 |    368 |   1759 |   3524 |   7 |  995.0 |
       Dungeon |   6752 |   6470 |    282 |   1759 |   3412 |   6 | 1125.3 |
        Temple |    213 |    128 |     85 |      0 |    112 |   1 |  213.0 |
               +--------+--------+--------+--------+--------+-----+--------+

Top non-repeatable levels by time:
     D:6: 1597 daAuts
     D:5: 1375 daAuts
     D:3: 1056 daAuts
     D:2: 921 daAuts
     D:4: 918 daAuts
     D:1: 882 daAuts
  Temple: 213 daAuts
